 Dungeon Crawl Stone Soup version 0.17-a0-1951-g62301d3 (console) character file.

182 nht the Chucker (level 5, -6/50 HPs)
             Began as an Ogre Hunter on Oct 2, 2015.
             Mangled by an orc
             ... wielding a +0 war axe
              (8 damage)
             ... on level 3 of the Dungeon.
             The game lasted 00:03:18 (2086 turns).

nht the Chucker (Ogre Hunter)                       Turns: 2086, Time: 00:03:18

Health: -6/50      AC:  3    Str: 18    XL:     5   Next: 62%
Magic:  5/5        EV: 10    Int: 10    God:
Gold:   108        SH:  0    Dex: 10    Spells: 0 memorised, 4 levels left

rFire  . . .     SeeInvis .     a - +0 mace
rCold  . . .     Clarity  .     d - +0 robe
rNeg   . . .     SustAt   .     (no shield)
rPois  .         Gourm    .     (helmet restricted)
rElec  .         Spirit   .     (no cloak)
rCorr  .         Warding  .     (gloves unavailable)
rMut   .         Stasis   .     (boots unavailable)
MR     .....                    (no amulet)
Stlth  +.........               (no ring)
                                (no ring)

@: not resistant to hostile enchantments, very unstealthy
A: unfitting armour, tough skin 1
a: no special abilities


You were on level 3 of the Dungeon.
You were not hungry.

You visited 1 branch of the dungeon, and saw 3 of its levels.

You collected 108 gold pieces.

Inventory:

Hand weapons
 a - a +0 mace (weapon)
Armour
 d - a +0 robe (worn)
 l - a +0 shield
Jewellery
 n - an uncursed ring of see invisible {unknown}
Magical devices
 c - a wand of fire (6)
 q - a wand of frost (28)
Scrolls
 f - 3 scrolls of identify {unknown}
 g - 2 scrolls of random uselessness {unknown}
 h - 2 scrolls of enchant armour {unknown}
 m - a scroll of noise {unknown}
 r - a scroll of remove curse {unknown}
 s - a scroll of magic mapping {unknown}
Potions
 i - a potion of cancellation
 p - a potion of flight {unknown}
Comestibles
 e - 2 bread rations
 j - 2 meat rations
 k - 2 slices of pizza
 o - a chunk of flesh


   Skills:
 - Level 2.6 Fighting
 + Level 1.6 Maces & Flails
 - Level 7.1 Throwing
 - Level 1.7 Dodging
 - Level 0.7 Stealth


You had 4 spell levels left.
You didn't know any spells.

Dungeon Overview and Level Annotations

Branches:
Dungeon (3/15)

Altars:
Makhleb


Innate Abilities, Weirdness & Mutations

You are too large for most types of armour.
You have tough skin (AC +1).


Message History

The orc struggles against the net.
You hit the orc.
You kill the orc!
The orc hits you with a war axe.
* * * LOW HITPOINT WARNING * * *
You closely miss the orc. The orc barely misses you.
You hit the orc.
The orc is heavily wounded.
The orc barely misses you.
You hit the orc.
The orc is severely wounded.
The orc misses you.
You hit the orc but do no damage.
The orc is severely wounded.
The orc hits you with a war axe.
* * * LOW HITPOINT WARNING * * *
You closely miss the orc.
The orc is severely wounded.
The orc hits you with a war axe!
You die...

█.█████....█████.
█. █............ █
█.██.█.█████. ...
█.█......█ █...
█.██████.█
.████████.>█ █.█
█.█ ........█..█
█.█ █.█
███████)█..█ █.█
█.█
█.█..████.██████.█
█(█...............
█@█.......██████..
█.█o...█████ █..
█.███...█ ██. .?█
██.!█ . ███ ██o..█
. █....█ .
█?...o██ █.so.o█
█.....█ .......█
.........


You could see an orc.

Vanquished Creatures
  A hound (D:2)
  10 adders
  An ooze (D:1)
  A worm (D:3)
  3 giant geckos
  4 orcs (D:3)
  5 bats
  6 giant cockroaches
  6 hobgoblins
  2 kobolds
  A ball python (D:1)
  2 giant newts
  7 goblins
  5 jackals (D:1)
  5 rats (D:1)
59 creatures vanquished.

Notes
Turn   | Place    | Note
--------------------------------------------------------------
     0 | D:1      | nht the Ogre Hunter began the quest for the Orb.
     0 | D:1      | Reached XP level 1. HP: 22/22 MP: 1/1
    32 | D:1      | Reached XP level 2. HP: 17/29 MP: 2/2
    36 | D:1      | Reached skill level 5 in Throwing
   502 | D:1      | Reached XP level 3. HP: 32/36 MP: 3/3
   841 | D:2      | Reached skill level 6 in Throwing
   841 | D:2      | Reached XP level 4. HP: 7/44 MP: 4/4
   845 | D:2      | Found a burning altar of Makhleb.
  1145 | D:2      | Reached XP level 5. HP: 34/50 MP: 5/5
  1361 | D:2      | Reached skill level 7 in Throwing
  2029 | D:3      | Reached skill level 1 in Maces & Flails
  2085 | D:3      | HP: 2/50 [orc/war axe (6)]
  2086 | D:3      | Mangled by an orc

Vault maps used:
D:1:      dpeg_arrival_round_c
D:2:      makhleb_heckhound_becter
D:3:      nemelex_dance_club_becter, uniq_terence

Action                   |  1- 3 |  4- 6 || total
-------------------------+-------+-------++-------
Melee: Short sword       |    87 |    55 ||   142
       Mace              |       |    35 ||    35
Throw: Large rock        |    18 |    26 ||    44
       Throwing net      |     3 |     6 ||     9
  Use: Potion            |       |     3 ||     3
 Stab: Sleeping          |     2 |       ||     2
  Eat: Chunk             |       |     4 ||     4
